 Dungeon Crawl Stone Soup version 0.30-a0-534-gdc55766716 (webtiles) character file.

Game seed: 16088469962122428516

41 drugrobin the Sneak (level 3, 0/30 HPs)
             Began as a Demigod Delver on Dec 24, 2022.
             Slain by a gnoll
             ... wielding a +0 flail
              (8 damage)
             ... on level 1 of the Dungeon.
             The game lasted 00:06:24 (1450 turns).

drugrobin the Sneak (Demigod Delver)                Turns: 1450, Time: 00:06:24

Health: 0/30       AC:  5    Str: 13    XL:     3   Next: 16%
Magic:  4/5        EV: 12    Int: 24    God:
Gold:   124        SH:  0    Dex: 19    Spells: 1/2 levels left

rFire   . . .      SeeInvis .      - Unarmed
rCold   . . .      Faith    .    (no shield)
rNeg    . . .      Spirit   .    a - +0 leather armour
rPois   .          Reflect  .    (no helmet)
rElec   .          Harm     .    d - +0 cloak
rCorr   .          Rampage  .    (no gloves)
Will    .....                    g - +0 pair of boots
Stlth   +++                      p - amulet of the acrobat
HPRegen 0.25/turn                o - +6 ring of intelligence
MPRegen 0.09/turn                x - +6 ring of intelligence

@: no status effects
A: high MP 1, forlorn, divine attributes
a: no special abilities


You were on level 1 of the Dungeon.
You visited 1 branch of the dungeon, and saw 5 of its levels.

You collected 124 gold pieces.

Inventory:

Missiles
 m - 3 poisoned darts (quivered)
Armour
 a - a +0 leather armour (worn)
 d - a +0 cloak (worn)
 g - a +0 pair of boots (worn)
 u - a +0 cloak
Jewellery
 o - a +6 ring of intelligence (left hand)
 p - an amulet of the acrobat (around neck)
 r - a ring of positive energy
 x - a +6 ring of intelligence (right hand)
Wands
 f - a wand of digging (2)
Scrolls
 b - 2 scrolls of fog
 c - a scroll of magic mapping
 h - 5 scrolls of amnesia {unknown}
 i - a scroll of noise {unknown}
 k - a scroll of poison {unknown}
 l - a scroll of immolation {unknown}
 n - 2 scrolls of fear
 s - 2 scrolls of enchant weapon {unknown}
 v - a scroll of silence {unknown}
Potions
 e - 2 potions of haste
 j - 3 potions of curing {unknown}
 q - a potion of brilliance {unknown}
 t - a potion of resistance {unknown}
 w - a potion of attraction {unknown}
 z - a potion of degeneration {unknown}
 A - 2 potions of heal wounds {unknown}


   Skills:
 - Level 2.7 Fighting
 - Level 1.8 Dodging
 - Level 4.5 Stealth
 * Level 3.2 Unarmed Combat
 + Level 0.6 Transmutations


You had one spell level left.
You knew the following spells:

 Your Spells              Type           Power      Damage    Failure   Level
a - Beastly Appendage     Tmut           6%         N/A       14%         1

Your spell library contained the following spells:

 Spells                   Type           Power      Damage    Failure   Level
 Wereblood                Tmut           3%         N/A       22%         2
 Spider Form              Tmut/Pois      1%         N/A       45%         3


Dungeon Overview and Level Annotations

Branches:
Dungeon (5/15)             Temple (0/1) D:4


Innate Abilities, Weirdness & Mutations

You have an increased reservoir of magic. (+10% MP)
You shall have no god before yourself.
Your divine heritage dramatically boosts your attributes as you level up.


Message History

You hit the endoplasm.
You kill the endoplasm!
Your transformation is almost over.
You hit the gnoll. You headbutt the gnoll.
The gnoll is moderately wounded.
You closely miss the gnoll.
The gnoll is moderately wounded.
The gnoll closely misses you.
The gnoll hits you from afar with a +0 halberd!
You hit the gnoll.
The gnoll is heavily wounded.
The gnoll hits you with a +0 flail. The gnoll barely misses you.
Your magical contamination has completely faded away.
There is a stone staircase leading up here.
The gnoll barely misses you.
You climb upwards.
There is a stone staircase leading down here.
You completely miss the gnoll.
The gnoll is moderately wounded.
Your horns disappear.
Your talons disappear.
Your +0 pair of boots unmelds from your body.
The gnoll hits you but does no damage.
You barely miss the gnoll.
The gnoll is moderately wounded.
The gnoll hits you with a +0 flail!
You barely miss the gnoll.
The gnoll is moderately wounded.
The gnoll hits you with a +0 flail.
* * * LOW HITPOINT WARNING * * *
You closely miss the gnoll.
The gnoll is moderately wounded.
The gnoll closely misses you.
Unknown command.
Unknown command.
Unknown command.
Unknown command.
You closely miss the gnoll.
The gnoll is moderately wounded.
The gnoll hits you with a +0 flail!
You die...

#..##...##..........#
##.##...##.#........#
#.##...##.#........#
#.........#........#######
#####...#........÷........#
......................##.##
≈≈≈≈≈≈≈≈.................#
≈≈≈≈~≈≈≈~≈≈#.....g....####
≈≈≈~.~≈≈≈≈≈≈≈~..@.....#
≈.~.§.~≈≈≈≈≈≈≈~.......#
.≈..>⌠~≈≈≈≈≈≈≈≈~..#####
≈≈~.©.~≈≈≈~~≈≈≈≈..#
≈≈~~.~~≈~~.~~≈≈≈..#
≈≈≈≈~≈≈≈~.©.~≈≈...#
≈≈≈≈≈≈≈≈~⌠<..≈.~..###
~≈≈≈≈≈≈≈~.©.~.≈≈....#
.~≈≈≈≈≈≈~~.~~≈≈≈..#.#


You could see a gnoll.

Vanquished Creatures
  An adder (D:2)
  A dart slug (D:1)
  2 ball pythons
  3 bats
  3 endoplasms
  2 giant cockroaches
  A goblin (D:3)
  3 hobgoblins
  3 jackals (D:1)
  7 kobolds
  A rat (D:1)
27 creatures vanquished.

Notes
Turn   | Place    | Note
-------+----------+-------------------------------------------
     0 | D:5      | drugrobin the Demigod Delver began the quest for the Orb.
     0 | D:5      | Reached XP level 1. HP: 18/18 MP: 3/3
    13 | D:5      | Noticed a howler monkey
    44 | D:5      | Noticed a hound
    57 | D:5      | Noticed a scorpion
   143 | D:4      | Found a staircase to the Ecumenical Temple.
   629 | D:2      | Reached XP level 2. HP: 25/25 MP: 4/4
   631 | D:2      | Learned a level 1 spell: Beastly Appendage
   757 | D:1      | Found a transporter.
   943 | D:1      | Reached XP level 3. HP: 30/30 MP: 3/5
  1081 | D:1      | Found a transporter.
  1450 | D:1      | Slain by a gnoll

Illustrated notes

Levels and vault maps discovered:
D:1:      spicycebolla_arrival_transporter_tutorial, layout_rooms,
          minmay_misc_feat_more_columns
D:2:      layout_basic, chequers_ecumenical_altar_simple_redux
D:3:      layout_loops_ring, biasface_ghost_orc_armoury,
          kennysheep_generic_room_13
D:4:      layout_basic, lemuel_round_altar, minmay_temple_entry_statues_pillars
D:5:      minmay_chambers_of_threes, layout_basic, grunt_gozag_statues,
          lightli_church_of_beogh

Skill      XL: |  1  2 |
---------------+-------+-----
Unarmed Combat | 2 3 |  3.2
Fighting       | |  2.7
Dodging        | |  1.8
Stealth        | |  4.5
Transmutations | |  0.6

Action                   || total
-------------------------++-------
Melee: Unarmed           ||   125
       Punch             ||     1
       Kick              ||     1
       Headbutt          ||     1
 Cast: Beastly Appendage ||     3
Evoke: Wand              ||     1
  Use: Scroll            ||     1
 Stab: Sleeping          ||     5
Armor: Leather armour    ||    41
Dodge: Dodged            ||    85

Table legend: (Time is in decaauts)
 A = Elapsed time spent in this place.
 B = Non-inter-level travel time spent in this place.
 C = Inter-level travel time spent in this place.
 D = Time resting spent in this place.
 E = Time spent auto-exploring this place.
 F = Levels seen in this place.
 G = Mean time per level.
                   A        B        C        D        E       F      G
               +--------+--------+--------+--------+--------+-----+--------+
         Total |   1442 |   1422 |     20 |    117 |    843 |   5 |  288.4 |
       Dungeon |   1442 |   1422 |     20 |    117 |    843 |   5 |  288.4 |
               +--------+--------+--------+--------+--------+-----+--------+

Top non-repeatable levels by time:
     D:1: 672 daAuts
     D:4: 428 daAuts
     D:2: 248 daAuts
     D:5: 67 daAuts
     D:3: 25 daAuts
